 Dungeon Sprint DCSS version 0.27.0-1-g7a089689b8 (webtiles) character file.

Game seed: 7197117929908348895

135 Groucho the Skirmisher (level 5, 0/55 HPs)
             Began as a Naga Fighter on Aug 5, 2021.
             Was an Initiate of Cheibriados.
             Slain by a steam dragon (5 damage)
             ... in the Dungeon (Sprint IX: "|||||||||||||||||||||||||||||").
             The game lasted 00:01:17 (492 turns).

Groucho the Skirmisher (Naga Fighter)                Turns: 492, Time: 00:01:17

Health: 0/55       AC: 11    Str: 21    XL:     5   Next: 18%
Magic:  5/5        EV:  7    Int:  9    God:    Cheibriados [......]
Gold:   0          SH: 10    Dex: 14    Spells: 4/4 levels left

rFire    . . .     SeeInvis +   m - +1 broad axe (vorpal)
rCold    . . .     Faith    .   c - +0 kite shield
rNeg     . . .     Spirit   .   p - +2 ring mail
rPois    +         Reflect  .   n - +0 helmet
rElec    .         Harm     .   (no cloak)
rCorr    .         Rampage  .   o - +0 pair of gloves
Will     .....     NoTele   +   (no barding)
Stlth    +.........             (no amulet)
HPRegen  0.18/turn              b - +2 ring of protection
MPRegen  0.09/turn              q - +3 ring of dexterity

@: very slightly contaminated, invisible, very slow
A: AC +1, large, see invisible, deformed body, poison resistance, slowness 2,
spit poison 1, naga tail 1
a: Spit Poison, Renounce Religion, Bend Time


You were in the Dungeon.
You worshipped Cheibriados.
Cheibriados was noncommittal.
You visited 1 branch

Inventory:

Hand Weapons
 a - a +0 war axe
 m - a +1 vorpal broad axe (weapon)
Armour
 c - a +0 kite shield (worn)
 n - a +0 helmet (worn)
 o - a +0 pair of gloves (worn)
 p - a +2 ring mail (worn)
Jewellery
 b - a +2 ring of protection (left hand)
 q - a +3 ring of dexterity (right hand)
Wands
 l - a wand of acid (10)
Scrolls
 j - 2 scrolls of blinking
 k - 2 scrolls of amnesia
Potions
 d - a potion of might
 e - 5 potions of curing
 g - a potion of haste
 h - 4 potions of magic
 i - a potion of heal wounds


   Skills:
 + Level 5.7 Fighting
 + Level 5.2 Axes
 + Level 4.7 Armour
 + Level 4.7 Shields
 + Level 0.0 Invocations


You had 4 spell levels left.
You didn't know any spells.
Your spell library was empty.

Dungeon Overview and Level Annotations

Branches:
Dungeon (1/1)

Altars:
Cheibriados
Dithmenos
Elyvilon
Fedhas
Gozag
Hepliaklqana
Kikubaaqudgha
Makhleb
Nemelex Xobeh
Okawaru
Qazlal
Ru
Sif Muna
Trog
Uskayaw
Vehumet
Wu Jian
Xom
Yredelemnul
Zin
The Shining One
Beogh
Jiyva
Lugonu


Innate Abilities, Weirdness & Mutations

Your serpentine skin is tough. (AC +1)
You have supernaturally acute eyesight. (SInv)
Armour fits poorly on your strangely shaped body.
Your system is resistant to poisons. (rPois)
You cover ground very slowly.
You can spit poison.
You have a snake-like lower body.


Message History

The steam dragon bites you.
The steam dragon claws you but does no damage.
You hit the steam dragon.
The steam dragon is heavily wounded.
The steam dragon bites you but does no damage.
The steam dragon completely misses you.
Unknown command.
Unknown command.
You feel much better. The steam dragon breathes steam at you.
The ball of steam hits you.
You slash the steam dragon!
The steam dragon is almost dead.
You are engulfed in a cloud of scalding steam.
The steam dragon bites you but does no damage.
You block the steam dragon's attack.
The kobold demonologist casts a spell.
You block the steam dragon's attack.
The steam dragon claws you but does no damage.
Unknown command.
You fade into invisibility!
You are engulfed in a cloud of scalding steam.
The steam dragon bites you. The steam dragon closely misses you.
The kobold demonologist looks braver for a moment.
You are very lightly contaminated with residual magic.
Unknown command.
Unknown command.
You closely miss the steam dragon.
The steam dragon is almost dead.
You are engulfed in a cloud of scalding steam.
You block the steam dragon's attack. x2
You hit the steam dragon.
The steam dragon is almost dead.
You are engulfed in a cloud of scalding steam.
The steam dragon breathes steam at you. The ball of steam hits you!!
* * * LOW HITPOINT WARNING * * *
The steam dragon bites you but does no damage.
The steam dragon claws you.
You die... ▓▓▓▓▓▓▓▓▓▓▓▓▓▓▓▓▓▓▓▓▓▓▓▓ ZZcYK5D@§§..§)..'_______ ▓▓▓▓▓▓▓▓▓▓▓▓▓▓▓▓▓▓▓▓▓▓▓▓

You could see a kobold demonologist, a yak, a steam dragon (catching breath), a centaur, an iron imp (summoned), a bat zombie and a ball python zombie.

Vanquished Creatures
  An ogre (D)
  A jelly (D)
  An adder (D)
  3 ball pythons (D)
  A hobgoblin (D)
  A ball python zombie (D)
  A bat (D)
  A giant cockroach zombie (D)
10 creatures vanquished.

Notes
Turn   | Place    | Note
-------+----------+-------------------------------------------
     0 | D        | Groucho the Naga Fighter began the quest for the Orb.
     0 | D        | Reached XP level 1. HP: 21/21 MP: 1/1
    25 | D        | Noticed an ogre
    25 | D        | Noticed a jelly
    29 | D        | Killed a jelly
    30 | D        | Reached XP level 2. HP: 9/31 MP: 2/2
    30 | D        | Reached XP level 3. HP: 10/37 MP: 3/3
    40 | D        | Killed an ogre
    41 | D        | Reached skill level 5 in Fighting
    41 | D        | Reached skill level 5 in Axes
    41 | D        | Reached XP level 4. HP: 28/48 MP: 4/4
    41 | D        | Reached XP level 5. HP: 32/55 MP: 5/5
   411 | D        | Found a snail-covered altar of Cheibriados.
   411 | D        | Found a shadowy altar of Dithmenos.
   411 | D        | Found a white marble altar of Elyvilon.
   411 | D        | Found a blossoming altar of Fedhas.
   411 | D        | Found an opulent altar of Gozag.
   412 | D        | Found a hazy altar of Hepliaklqana.
   413 | D        | Found a viscous altar of Jiyva.
   414 | D        | Found an ancient bone altar of Kikubaaqudgha.
   415 | D        | Became a worshipper of Cheibriados the Contemplative
   416 | D        | Found a corrupted altar of Lugonu.
   417 | D        | Found a burning altar of Makhleb.
   418 | D        | Found a sparkling altar of Nemelex Xobeh.
   419 | D        | Found an iron altar of Okawaru.
   420 | D        | Found a stormy altar of Qazlal.
   421 | D        | Found a sacrificial altar of Ru.
   422 | D        | Found a shimmering blue altar of Sif Muna.
   423 | D        | Found a bloodstained altar of Trog.
   424 | D        | Found a hide-covered altar of Uskayaw.
   425 | D        | Found a radiant altar of Vehumet.
   426 | D        | Found an ornate altar of the Wu Jian Council.
   427 | D        | Found a shimmering altar of Xom.
   428 | D        | Found a basalt altar of Yredelemnul.
   429 | D        | Found a glowing silver altar of Zin.
   430 | D        | Found a glowing golden altar of the Shining One.
   482 | D        | Noticed a centaur
   482 | D        | Noticed a yak
   482 | D        | Noticed a kobold demonologist
   482 | D        | Noticed a steam dragon
   492 | D        | Slain by a steam dragon

Illustrated notes

Levels and vault maps discovered:
D:        linesprint [early_d, line_temple, items_1, d_10, items_2, lair_1,
          lair_end, items_3, orc_1, orc_end, items_4, d_15, swamp_1, shoals_1,
          snake_1, spider_1, d_20, vaults_1, items_5, swamp_end, shoals_end,
          snake_end, spider_end, vaults_end, d_27, items_6, zot_1, zot_end,
          crypt_end, forest_end, elf_end, slime_end, tomb_end, abyss_end,
          pan_hell_end]

Skill      XL: |  1  2  3 |
---------------+----------+-----
Fighting       | 4 5 |  5.7
Axes           | 3 5 |  5.2
Armour         | 3 4 |  4.7
Shields        | 3 4 |  4.7

Action                   |  1- 3 |  4- 6 || total
-------------------------+-------+-------++-------
Melee: War axe           |    27 |     3 ||    30
       Broad axe         |       |     8 ||     8
 Abil: Spit Poison       |     1 |       ||     1
  Use: Potion            |     2 |     2 ||     4
Armor: Scale mail        |    18 |       ||    18
       Ring mail         |       |    11 ||    11
Dodge: Dodged            |     7 |     3 ||    10
Block: Kite shield       |    14 |     6 ||    20
